 Dungeon Crawl Stone Soup version 0.30-a0-371-gad7725a93e (webtiles) character file.

Game seed: 14970597480422771887

54 IdlyInterested the Ducker (level 3, -4/26 HPs)
             Began as a Demonspawn Wanderer on Nov 21, 2022.
             Slain by Terence
             ... wielding a +0 mace
              (9 damage)
             ... on level 2 of the Dungeon.
             The game lasted 00:05:06 (990 turns).

IdlyInterested the Ducker (Demonspawn Wanderer)      Turns: 990, Time: 00:05:07

Health: -4/26      AC:  4    Str: 11    XL:     3   Next: 66%
Magic:  0/4        EV: 12    Int: 16    God:
Gold:   107        SH:  0    Dex: 12    Spells: 0/4 levels left

rFire   . . .      SeeInvis .      - Unarmed
rCold   . . .      Faith    .    (no shield)
rNeg    . . .      Spirit   .    h - +0 robe
rPois   .          Reflect  .    k - +0 helmet
rElec   .          Harm     .    c - +0 cloak
rCorr   .          Rampage  .    (no gloves)
Will    .....                    (no boots)
Stlth   ++........               j - amulet of the acrobat
HPRegen 0.24/turn                (no ring)
MPRegen 0.09/turn                (no ring)

@: no status effects
A: claws 1
a: no special abilities


You were on level 2 of the Dungeon.
You visited 1 branch of the dungeon, and saw 2 of its levels.

You collected 107 gold pieces.

Inventory:

Hand Weapons
 a - a +0 dagger
Missiles
 e - 4 poisoned darts
Armour
 c - a +0 cloak (worn)
 h - a +0 robe (worn)
 k - a +0 helmet (worn)
Jewellery
 j - an amulet of the acrobat (around neck)
Scrolls
 d - a scroll of fog
 f - a scroll of fear
Potions
 b - a potion of might
 g - a potion of attraction {unknown}
 i - a potion of haste
 l - a potion of curing


   Skills:
 * Level 1.4 Fighting
 - Level 1.0 Throwing
 * Level 0.3 Armour
 - Level 3.0 Dodging
 - Level 1.0 Stealth
 - Level 3.0 Unarmed Combat
 - Level 1.0 Spellcasting
 * Level 1.9 Hexes
 - Level 1.0 Evocations


You couldn't memorise any spells.
You knew the following spells:

 Your Spells              Type           Power      Damage    Failure   Level
a - Slow                  Hex            28%        N/A       11%         1
b - Tukima's Dance        Hex            7%         N/A       30%         3

Your spell library contained the following spells:

 Spells                   Type           Power      Damage    Failure   Level


Dungeon Overview and Level Annotations

Branches:
Dungeon (2/15)

Altars:

Annotations:
D:2 Terence


Innate Abilities, Weirdness & Mutations

You have sharp fingernails.


Message History

You miscast Slow.
Nothing appears to happen.
You closely miss Terence. Terence hits you with a +0 mace.
You scratch Terence but do no damage. Terence misses you.
You scratch Terence but do no damage. Terence barely misses you.
You scratch Terence but do no damage. Terence hits you with a +0 mace.
You scratch Terence.
Terence is lightly wounded.
Terence misses you.
You scratch Terence but do no damage.
Terence is lightly wounded.
Terence closely misses you.
You scratch Terence.
Terence is lightly wounded.
Terence hits you with a +0 mace.
You claw Terence!
Terence is heavily wounded.
Terence barely misses you.
Aiming: Slow (safe; 11% risk of failure)
Press: ? - help, Q - select action, (/) - cycle Shift-Dir - straight line, f/p - Terence
Aim: Terence, wielding a +0 mace and wearing a +0 scale mail (heavily wounded, chance to affect: 50%) Terence seems to slow down.
You scratch Terence.
Terence is severely wounded.
Terence hits you with a +0 mace.
You barely miss Terence.
Terence is severely wounded.
You barely miss Terence.
Terence is severely wounded.
Terence hits you with a +0 mace.
You barely miss Terence.
Terence is severely wounded.
Your magical contamination has completely faded away.
You scratch Terence but do no damage.
Terence is severely wounded.
Terence hits you with a +0 mace!
* * * LOW HITPOINT WARNING * * *
You barely miss Terence.
Terence is severely wounded.
Terence hits you with a +0 mace!
You die...

#.#######
##........
..........
.........
.........
#.....<.. ###
#.@...... ..#
#######@########
...
...............+
#.#
#######.########
#.# #.# #.#
#########.# #.#
#.........#
####'###.#########
#..........#
#..........#


You could see Terence (slow).

Vanquished Creatures
  2 adders (D:2)
  A dart slug (D:2)
  A ball python (D:1)
  3 endoplasms
  2 giant cockroaches (D:1)
  4 goblins
  3 hobgoblins
  A quokka (D:1)
  7 bats
  2 frilled lizards
  A kobold (D:1)
  5 rats
32 creatures vanquished.

Notes
Turn   | Place    | Note
-------+----------+-------------------------------------------
     0 | D:1      | IdlyInterested the Demonspawn Wanderer began the quest for
                  | the Orb.
     0 | D:1      | IdlyInterested set off with the following items: a +0
                  | dagger, a potion of might, a +0 cloak, a scroll of fog, a
                  | +0 robe, a scroll of fear; and the following spell
                  | memorised: Slow; and the following spells available to
                  | memorise: Tukima's Dance.
     0 | D:1      | Reached XP level 1. HP: 13/13 MP: 2/2
   258 | D:1      | Gained mutation: You have sharp fingernails. [demonic
                  | ancestry]
   258 | D:1      | Reached XP level 2. HP: 20/20 MP: 3/3
   811 | D:2      | Reached skill level 1 in Fighting
   811 | D:2      | Reached XP level 3. HP: 26/26 MP: 4/4
   859 | D:2      | Reached skill level 1 in Throwing
   863 | D:2      | Learned a level 3 spell: Tukima's Dance
   955 | D:2      | Noticed Terence
   990 | D:2      | Slain by Terence

Illustrated notes

Levels and vault maps discovered:
D:1:      nicolae_arrival_memento_mori, layout_basic, st_stairs_10
D:2:      kennysheep_the_goblin_king, layout_basic, uniq_terence,
          uniq_crazy_yiuf_cottage

Skill      XL: |  1  2  3 |
---------------+----------+-----
Dodging        | 3 |  3.0
Unarmed Combat | 3 |  3.0
Fighting       | 1 |  1.4
Throwing       | 1 |  1.0
Armour         | |  0.3
Stealth        | |  1.0
Spellcasting   | |  1.0
Hexes          | |  1.9
Evocations     | |  1.0

Action                   || total
-------------------------++-------
Melee: Dagger            ||    49
       Punch             ||     1
       Unarmed           ||    93
 Cast: Slow              ||     4
  Use: Scroll            ||     3
       Potion            ||     2
 Stab: Sleeping          ||     2
Armor: Robe              ||    36
Dodge: Dodged            ||   102

Table legend: (Time is in decaauts)
 A = Elapsed time spent in this place.
 B = Non-inter-level travel time spent in this place.
 C = Inter-level travel time spent in this place.
 D = Time resting spent in this place.
 E = Time spent auto-exploring this place.
 F = Levels seen in this place.
 G = Mean time per level.
                   A        B        C        D        E       F      G
               +--------+--------+--------+--------+--------+-----+--------+
         Total |    969 |    837 |    132 |    111 |    319 |   2 |  484.5 |
       Dungeon |    969 |    837 |    132 |    111 |    319 |   2 |  484.5 |
               +--------+--------+--------+--------+--------+-----+--------+

Top non-repeatable levels by time:
     D:1: 764 daAuts
     D:2: 204 daAuts
